 Dungeon Crawl Stone Soup version 0.31-a0-986-g5e6e4ef867 (webtiles) character file.

Game seed: 3338930776624264776

289 Persephone the Changeling (level 6, -5/29 HPs)
             Began as a Vine Stalker Shapeshifter on Nov 7, 2023.
             Slain by a gnoll sergeant
             ... wielding a +0 trident
              (7 damage)
             ... on level 3 of the Dungeon.
             The game lasted 00:02:41 (1522 turns).

Persephone the Changeling (VSSh)                    Turns: 1522, Time: 00:02:42

Health: -5/29      AC:  4    Str: 18    XL:     6   Next: 31%
Magic:  0/7        EV: 12    Int: 14    God:
Gold:   175        SH:  0    Dex: 12    Spells: 5/5 levels left

rFire   . .          .
                       - Unarmed
rCold   . . .        (no shield)
rNeg    . . .        a - +0 animal skin
rPois   .            (helmet currently unavailable)
rElec   .            (cloak currently unavailable)
rCorr   .            (gloves currently unavailable)
SInv    .            (boots currently unavailable)
Will    .....        (no amulet)
Stlth   +            (no ring)
HPRegen 1.04/turn    (no ring)
MPRegen 0.10/turn

%: guardian spirit
@: beast-form
A: beast (slay +3), fangs 2, regeneration 1, magic shield, antimagic bite, no
potion heal 2, iridescent scales 1, clever 1, MP-powered wands
a: Begin Untransformation


You were on level 3 of the Dungeon.
You were a hulking beast.
You visited 1 branch of the dungeon, and saw 3 of its levels.

You collected 175 gold pieces.

Inventory:

Missiles
 n - 5 javelins
 o - 3 boomerangs
 p - 3 poisoned darts
Armour
 a - a +0 animal skin (worn)
Talismans
 c - a beast talisman
 d - a flux talisman
Wands
 g - a wand of paralysis (2)
 k - a wand of flame (17)
Scrolls
 e - a scroll of teleportation {unknown}
 h - a scroll of immolation {unknown}
 i - a scroll of fear {unknown}
 m - 4 scrolls of identify {unknown}
 q - a scroll of enchant armour {unknown}
Potions
 f - 2 potions of mutation
 j - 2 potions of might {unknown}
 l - a potion of degeneration {unknown}


   Skills:
 - Level 0.8 Fighting
 - Level 1.5 Dodging
 + Level 4.6 Unarmed Combat
 * Level 5.5 Shapeshifting


You had 5 spell levels left.
You didn't know any spells.
Your spell library was empty.

Dungeon Overview and Level Annotations

Branches:
Dungeon (3/15)

Altars:

Shops:
D:1 ?


Innate Abilities, Weirdness & Mutations

You are a hulking beast.
Your limbs bulge with bestial killing power. (Slay +3)
You have extremely sharp teeth.
Your natural rate of healing is unusually fast.
When hurt, damage is shared between your health and your magic reserves.
Your bite disrupts and absorbs the magic of your enemies.
Potions cannot restore your health.
You are partially covered in iridescent scales. (AC +2)
Your mind is acute. (Int +4, Str/Dex -1)
You expend magic power (3 MP) to strengthen your wands.


Message History

The gnoll sergeant barely misses you.
You hit the gnoll but do no damage. You bite the gnoll. You drain its power.
You feel invigorated.
The gnoll is severely wounded.
The gnoll misses you.
The gnoll hits you from afar with a +0 spear.
The gnoll sergeant barely misses you.
You hit the gnoll.
You kill the gnoll!
The gnoll closely misses you.
Okay, then.
The gnoll sergeant barely misses you.
The gnoll hits you from afar with a +0 spear.
You hit the gnoll sergeant. Your bite misses the gnoll sergeant.
The gnoll sergeant is lightly wounded.
The gnoll hits you from afar with a +0 spear.
The gnoll sergeant barely misses you. The gnoll hits you but does no damage.
You hit the gnoll sergeant but do no damage.
You bite the gnoll sergeant. You drain its power.
You feel invigorated.
The gnoll sergeant is moderately wounded.
The gnoll barely misses you. The gnoll sergeant misses you.
The gnoll hits you from afar with a +0 spear.
You hit the gnoll sergeant but do no damage.
Your punch misses the gnoll sergeant. The gnoll sergeant blocks your attack.
The gnoll sergeant is moderately wounded.
The gnoll hits you from afar with a +0 spear.
The gnoll sergeant hits you with a +0 trident.
* * * LOW HITPOINT WARNING * * *
You hit the gnoll sergeant but do no damage.
Your bite misses the gnoll sergeant.
The gnoll sergeant is moderately wounded.
The gnoll hits you from afar with a +0 spear.
* * * LOW HITPOINT WARNING * * *
The gnoll hits you from afar with a +0 spear.
* * * LOW HITPOINT WARNING * * *
The gnoll sergeant barely misses you.
It was a potion of cancellation.
You feel magically purged. The gnoll completely misses you.
The gnoll barely misses you.
The gnoll sergeant hits you with a +0 trident!
You die...

...#. .....##+######
.............#
.............# ♣♣
.............# ♣..
............# ♣♣♣..#
###.##g###.# ♣♣♣.)..# ..
#.###'###♣♣....♣.# #.#
#h#...g..ggg....(' # #.#
#g#.....#♣♣)..♣..# #.#
#.#####g#....>##♣♣♣....#
.... #..............#
♣♣♣..#
.....###..............#
♣).
......................#
♣♣ ##.##...........)...#
#......#####.#......#
#..###...###.#......#


You could see a gnoll sergeant and 2 gnolls.

Vanquished Creatures
  Sigmund (D:2)
  Jessica (D:2)
  Terence (D:2)
  2 adders (D:2)
  2 gnolls (D:3)
  2 dart slugs (D:1)
  4 ball pythons
  5 bats
  2 endoplasms (D:1)
  3 giant cockroaches
  5 goblins
  3 hobgoblins
  2 kobolds (D:1)
  A quokka (D:1)
  4 frilled lizards
  9 rats
47 creatures vanquished.

Notes
Turn   | Place    | Note
-------+----------+-------------------------------------------
     0 | D:1      | Persephone the Vine Stalker Shapeshifter began the quest
                  | for the Orb.
     0 | D:1      | Reached XP level 1. HP: 9/9 MP: 2/2
    73 | D:1      | Reached XP level 2. HP: 14/14 MP: 3/3
   199 | D:1      | Found The Oracle's Delphic Readings.
   302 | D:1      | You fall into a shaft and drop 1 floor!
   331 | D:2      | Noticed Sigmund
   335 | D:2      | Noticed Jessica
   339 | D:2      | Gained mutation: You are partially covered in iridescent
                  | scales. (AC +2) [potion of mutation]
   339 | D:2      | Gained mutation: Your mind is acute. (Int +4, Str/Dex -1)
                  | [potion of mutation]
   339 | D:2      | Gained mutation: You expend magic power (3 MP) to
                  | strengthen your wands. [potion of mutation]
   342 | D:2      | Killed Sigmund
   343 | D:2      | Reached skill level 4 in Shapeshifting
   343 | D:2      | Reached XP level 3. HP: 10/17 MP: 1/4
   343 | D:2      | Reached XP level 4. HP: 13/21 MP: 1/5
   343 | D:2      | Reached XP level 5. HP: 15/25 MP: 1/6
   347 | D:2      | Reached skill level 5 in Shapeshifting
   351 | D:2      | Killed Jessica
   469 | D:2      | Reached XP level 6. HP: 26/29 MP: 5/7
   499 | D:2      | Noticed Terence
   506 | D:2      | Killed Terence
   638 | D:2      | Found a faded altar of an unknown god.
  1491 | D:3      | Found the +5 woodcutter's axe
  1521 | D:3      | HP: 1/29 [gnoll/+0 spear (2)]
  1522 | D:3      | Slain by a gnoll sergeant

Illustrated notes

Levels and vault maps discovered:
D:1:      dpeg_arrival_short_road, layout_loops_cross,
          nicolae_nh_oracle_at_delphi
D:2:      layout_rooms, chequers_ecumenical_altar_twisty, uniq_sigmund,
          uniq_terence, uniq_jessica
D:3:      layout_basic, pf_guarded_unrand_woodcutter

Skill      XL: |  1  2  3  4  5 |
---------------+----------------+-----
Unarmed Combat | 4 |  4.6
Shapeshifting  | 4 5 |  5.5
Fighting       | |  0.8
Dodging        | |  1.5

Action                     |  1- 3 |  4- 6 || total
---------------------------+-------+-------++-------
  Melee: Unarmed           |    38 |    61 ||    99
         Bite              |     5 |    14 ||    19
         Punch             |     1 |     1 ||     2
    Use: Potion            |     3 |     1 ||     4
   Stab: Sleeping          |     1 |       ||     1
 Armour: Animal skin       |    15 |    33 ||    48
         Skin              |     3 |    17 ||    20
  Dodge: Dodged            |    22 |    46 ||    68

Table legend: (Time is in decaauts)
 A = Elapsed time spent in this place.
 B = Non-inter-level travel time spent in this place.
 C = Inter-level travel time spent in this place.
 D = Time resting spent in this place.
 E = Time spent auto-exploring this place.
 F = Levels seen in this place.
 G = Mean time per level.
                   A        B        C        D        E       F      G
               +--------+--------+--------+--------+--------+-----+--------+
         Total |   1515 |   1350 |    165 |      0 |   1064 |   3 |  505.0 |
       Dungeon |   1515 |   1350 |    165 |      0 |   1064 |   3 |  505.0 |
               +--------+--------+--------+--------+--------+-----+--------+

Top non-repeatable levels by time:
     D:1: 754 daAuts
     D:2: 667 daAuts
     D:3: 93 daAuts
